 Dungeon Crawl Stone Soup version 0.21.1-1-g345015fe64 (webtiles) character file.

683 Kohma the Shield-Bearer (level 7, -15/41 HPs)
             Began as a Gargoyle Fighter on June 24, 2018.
             Was a Follower of Okawaru.
             Demolished by an ogre
             ... wielding a +0 giant club
              (17 damage)
             ... on level 4 of the Dungeon.
             The game lasted 00:10:54 (3892 turns).

Kohma the Shield-Bearer (Gargoyle Fighter)          Turns: 3892, Time: 00:10:55

Health: -15/41     AC: 12    Str: 19    XL:     7   Next: 61%
Magic:  7/7        EV:  7    Int:  9    God:    Okawaru [*.....]
Gold:   202        SH: 11    Dex: 11    Spells: 6/6 levels left

rFire    . . .     SeeInvis .   a - +1 flail
rCold    . . .     Gourm    .   i - +1 shield
rNeg     + . .     Faith    .   b - +0 scale mail
rPois    ∞         Spirit   .   (no helmet)
rElec    +         Reflect  .   (no cloak)
rCorr    .         Harm     .   (no gloves)
MR       .....                  (no boots)
Stlth    ..........             (no amulet)
HPRegen  0.13/turn              (no ring)
MPRegen  0.10/turn              (no ring)

@: no status effects
A: negative energy resistance 1, electricity resistance, unbreathing,
petrification resistance, rot immunity, AC +4
a: Heroism, Renounce Religion


You were on level 4 of the Dungeon.
You worshipped Okawaru.
Okawaru was aware of your devotion.
You were not hungry.

You visited 1 branch of the dungeon, and saw 4 of its levels.

You collected 202 gold pieces.

Inventory:

Hand Weapons
 a - a +1 flail (weapon)
 o - a +0 hunting sling
Missiles
 l - 14 sling bullets
Armour
 b - a +0 scale mail (worn)
 i - a +1 shield (worn)
Wands
 r - a wand of enslavement (7)
Scrolls
 e - a scroll of remove curse
 g - 2 scrolls of immolation
 n - 3 scrolls of magic mapping
 x - a scroll of teleportation
Potions
 d - 3 potions of might
 j - 2 potions of haste
 k - 2 potions of curing
 m - a potion of heal wounds
 p - 2 potions of degeneration
 q - a potion of berserk rage
 w - a potion of mutation
Comestibles
 f - 8 rations


   Skills:
 - Level 3.2 Fighting
 * Level 5.4 Maces & Flails
 - Level 5.0 Armour
 * Level 6.6 Shields


You had 6 spell levels left.
You didn't know any spells.

Dungeon Overview and Level Annotations

Branches:
Dungeon (4/15)
 Temple: D:4-7

Altars:
Okawaru


Innate Abilities, Weirdness & Mutations

You are resistant to torment.
Your stone body is resilient. (AC +4)
You are immune to poison.
You resist negative energy. (rN+)
You are resistant to electric shocks. (rElec)
You can survive without breathing.
You are immune to petrification.
You are immune to rotting.


Message History

The worker ant is severely wounded.
The worker ant barely misses you. You block the worker ant's attack.
You sock the worker ant!
You kill the worker ant!
Okawaru accepts your kill.
You completely miss the ogre. You block the ogre's attack.
You sock the ogre!
The ogre is moderately wounded.
The ogre barely misses you.
You hit the ogre.
The ogre is heavily wounded.
The ogre closely misses you.
You hit the ogre.
The ogre is heavily wounded.
The ogre hits you with a giant club!!
* * * LOW HITPOINT WARNING * * *
You sock the ogre!
The ogre is almost dead.
The ogre hits you with a giant club!
You die...

#.# #.#
##.#########.*##****, #.#
#.####.# #......,...,,,,,
#.# #....#.#
#.##..,...,,,,,, #.#
##...#.# #.##.##.#******,
#.#####...#.###.##.#...****
*,
#.##.........##.#...#**,,,*
*, #............##....#*
**,,***,
####.........##....#
*,,,,,, ##........@Oo.#.#*
**,,***,
#......#######oO#**,,,* *,
##.....# #.#..,*,,* *,
#.#.#.# #....#*,,***,
####.#.#.# #..,...,,,,,,
#........# **##.#.##.,,,,,
#.##.#...# *,,,..,.,,.***,
#.##.#...#####.**$#,#.***
*, #>...#...#.....,,,*,*,*
*,


You could see an ogre and an orc.

Vanquished Creatures
  Sigmund (D:3)
  An ogre (D:4)
  A scorpion (D:4)
  A howler monkey (D:4)
  An orc wizard (D:4)
  Natasha (thrice) (D:2)
  2 worker ants (D:4)
  3 hound skeletons (D:4)
  3 gnolls (D:4)
  6 adders
  An ooze (D:1)
  2 worms
  4 dart slugs
  3 leopard geckos
  3 orcs (D:4)
  5 giant cockroaches
  6 goblins
  5 hobgoblins
  12 jackals
  A quokka (D:2)
  A ball python (D:2)
  4 bats (D:2)
  4 frilled lizards (D:1)
  A jackal skeleton (D:4)
  A kobold (D:1)
  11 rats
86 creatures vanquished.

Notes
Turn   | Place    | Note
-------+----------+-------------------------------------------
     0 | D:1      | Kohma the Gargoyle Fighter began the quest for the Orb.
     0 | D:1      | Reached XP level 1. HP: 14/14 MP: 1/1
    34 | D:1      | Reached XP level 2. HP: 19/19 MP: 2/2
   513 | D:1      | Reached XP level 3. HP: 21/23 MP: 3/3
   913 | D:2      | Found an iron altar of Okawaru.
   918 | D:2      | Became a worshipper of Warmaster Okawaru
   997 | D:2      | Noticed Natasha
  1005 | D:2      | Reached skill level 4 in Shields
  1022 | D:2      | Reached XP level 4. HP: 28/28 MP: 4/4
  1033 | D:2      | Killed Natasha
  1352 | D:2      | Noticed Natasha
  1357 | D:2      | Killed Natasha
  1372 | D:2      | Reached XP level 5. HP: 31/32 MP: 5/5
  1491 | D:2      | Noticed Natasha
  1512 | D:2      | Killed Natasha
  2565 | D:3      | Reached skill level 5 in Shields
  2720 | D:3      | Noticed Sigmund
  2744 | D:3      | Killed Sigmund
  2744 | D:3      | Reached XP level 6. HP: 5/37 MP: 6/6
  3254 | D:4      | Reached * piety under Okawaru
  3278 | D:4      | Reached skill level 6 in Shields
  3278 | D:4      | Reached XP level 7. HP: 28/41 MP: 7/7
  3445 | D:4      | Reached skill level 5 in Maces & Flails
  3791 | D:4      | Reached skill level 5 in Armour
  3891 | D:4      | HP: 2/41 [ogre/giant club (18)]
  3892 | D:4      | Demolished by an ogre

Skill      XL: |  1  2  3  4  5  6  7 |
---------------+----------------------+-----
Shields        | 4 5 6 |  6.6
Maces & Flails | 3 4 5 |  5.4
Armour         | 4 5 |  5.0
Fighting       | |  3.2

Action                   |  1- 3 |  4- 6 |  7- 9 || total
-------------------------+-------+-------+-------++-------
Melee: Flail             |   123 |   196 |    84 ||   403
  Use: Potion            |       |     1 |       ||     1
       Scroll            |       |       |    14 ||    14
  Eat: Chunk             |       |     4 |     1 ||     5
       Ration            |       |     1 |     1 ||     2
Armor: Scale mail        |    59 |   122 |    38 ||   219
Dodge: Dodged            |    45 |    85 |    22 ||   152
Block: Shield            |    64 |    97 |    55 ||   216
